 Dungeon Crawl Stone Soup version 0.29.1-12-g30fa7ad0bf (webtiles) character file.

Game seed: 12104963905558709149

13691 wormed the Basher (level 11, -6/101 HPs)
             Began as a Minotaur Fighter on Dec 23, 2022.
             Was a High Priest of Okawaru.
             Mangled by a blink frog (9 damage)
             ... on level 2 of the Lair of Beasts.
             The game lasted 00:19:46 (13852 turns).

wormed the Basher (Minotaur Fighter)               Turns: 13852, Time: 00:19:47

Health: -6/101     AC: 20    Str: 32    XL:     11   Next: 78%
Magic:  10/10      EV: 10    Int:  5    God:    Okawaru [*****.]
Gold:   538        SH:  6    Dex:  9    Spells: 10/10 levels left

rFire   . . .      SeeInvis +   B - +1 whip (venom)
rCold   . . .      Faith    +   c - +0 buckler
rNeg    + . .      Spirit   .   g - +0 plate armour
rPois   .          Reflect  .   (helmet restricted)
rElec   .          Harm     .   k - +2 cloak of Zoinufro {rN+}
rCorr   .          Rampage  .   E - +1 pair of gloves
Will    .....                   (no boots)
Stlth   ..........              y - amulet of faith
HPRegen 0.26/turn               p - ring of see invisible
MPRegen 0.12/turn               s - +6 ring of strength

@: slowed, very slow
A: horns 2, retaliatory headbutt
a: Renounce Religion, Heroism, Finesse, Duel


You were on level 2 of the Lair of Beasts.
You worshipped Okawaru.
Okawaru was extremely pleased with you.
You visited 3 branches of the dungeon, and saw 11 of its levels.

You collected 538 gold pieces.

Inventory:

Hand Weapons
 B - a +1 whip of venom (weapon)
Armour
 c - a +0 buckler (worn)
 g - a +0 plate armour (worn)
 k - the +2 cloak of Zoinufro (worn) {rN+}
   (You found it on level 2 of the Dungeon)

   rN:        It protects you from negative energy.
 E - a +1 pair of gloves (worn)
Jewellery
 p - a ring of see invisible (left hand)
 s - a +6 ring of strength (right hand)
 y - an amulet of faith (around neck)
 F - an amulet of the acrobat
 G - a ring of fire
Wands
 a - a wand of paralysis (28)
 t - a wand of iceblast (5)
Scrolls
 b - 2 scrolls of enchant weapon {unknown}
 f - 2 scrolls of amnesia
 j - a scroll of fear {unknown}
 n - 3 scrolls of blinking
 o - 2 scrolls of immolation
 r - a scroll of teleportation (quivered)
 u - 2 scrolls of enchant armour
 v - 3 scrolls of identify
 x - a scroll of vulnerability {unknown}
 A - a scroll of summoning {unknown}
 D - a scroll of silence {unknown}
Potions
 d - a potion of might
 e - a potion of ambrosia
 h - 2 potions of berserk rage
 i - 3 potions of flight
 l - 3 potions of brilliance
 m - 2 potions of attraction
 w - a potion of lignification {unknown}
 z - 2 potions of magic {unknown}
 C - a potion of haste {unknown}


   Skills:
 + Level 10.6 Fighting
 - Level 12.0 Maces & Flails
 + Level 10.6 Armour
 + Level 9.0 Dodging
 + Level 10.5 Shields


You had 10 spell levels left.
You didn't know any spells.
Your spell library contained the following spells:

 Spells                   Type           Power      Damage    Failure   Level
 Apportation              Tloc           0%         N/A       99%         1
 Sting                    Tmut/Pois      0%         1d3       99%         1
 Poisonous Vapours        Pois/Air       0%         N/A       99%         2
 Gell's Gravitas          Tloc           0%         N/A       100%        3
 Portal Projectile        Hex/Tloc       0%         N/A       100%        3
 Olgreb's Toxic Radiance  Pois           0%         N/A       100%        4
 Alistair's Intoxication  Tmut/Pois      0%         N/A       100%        5
 Blade Hands              Tmut           0%         N/A       100%        5
 Disjunction              Tloc           0%         N/A       100%        8
 Summon Small Mammal      Summ           Unusable   N/A       N/A         1
 Call Canine Familiar     Summ           Unusable   N/A       N/A         3
 Summon Guardian Golem    Hex/Summ       Unusable   N/A       N/A         3
 Tukima's Dance           Hex            Unusable   N/A       N/A         3
 Summon Ice Beast         Ice/Summ       Unusable   N/A       N/A         4
 Summon Mana Viper        Hex/Summ       Unusable   N/A       N/A         5
 Monstrous Menagerie      Summ           Unusable   N/A       N/A         7

Dungeon Overview and Level Annotations

Branches:
Dungeon (8/15)             Temple (1/1) D:6            Lair (2/5) D:8
  Swamp: Lair:2-3    Shoals: Lair:2-3     Snake: Lair:2-3    Spider: Lair:2-3

Altars:
Ashenzari
Cheibriados
Dithmenos
Fedhas
Kikubaaqudgha
Makhleb
Okawaru
Qazlal
Ru
Sif Muna
Trog
Vehumet
Yredelemnul
Zin
Lugonu

Annotations:
Lair:2 Sonja


Innate Abilities, Weirdness & Mutations

You have a pair of horns on your head.
You reflexively headbutt those who attack you in melee.


Message History

You feel sick.
* * * LOW HITPOINT WARNING * * *
You feel sick.
You are no longer poisoned.
A blink frog is nearby!
The blink frog croaks.
You hear a croak.
The blink frog blinks!
A blink frog comes into view.
The blink frog gives a loud, deep croak!
You barely miss the blink frog.
The blink frog gives a loud, deep croak!
The blink frog blinks! x2
The blink frog blinks!
You completely miss the blink frog.
The blink frog blinks!
The blink frog closely misses you.
You barely miss the blink frog. The blink frog misses you.
You whack the blink frog! You headbutt the blink frog!
The blink frog is severely wounded.
The blink frog blinks!
The blink frog hits you but does no damage.
The blink frog blinks!
You hit the blink frog.
The blink frog is poisoned.
The blink frog is lightly wounded.
The blink frog blinks! x3
The blink frog blinks!
The blink frog barely misses you. You furiously retaliate!
You headbutt the blink frog! You miss the blink frog.
You headbutt the blink frog.
The blink frog is moderately wounded.
The blink frog hits you but does no damage.
You hit the blink frog.
The blink frog is poisoned.
The blink frog is moderately wounded.
The blink frog hits you.
* * * LOW HITPOINT WARNING * * *
The blink frog blinks!
You whack the blink frog!
The blink frog looks as sick as possible!
The blink frog is severely wounded.
The blink frog blinks!
The blink frog hits you!
You die...

........## #............#####
........#### #...............#.
...........#####.................
............#....................
.................................
.............F.....)..........†..
...................#.............
.............§......#............
.............§.F@................
..........#######................
.........## #...............
........## #..............
........# ..... ........# ....
........# ... ........# ...
........#


You could see 2 blink frogs.

Vanquished Creatures
  A hydra (Lair:2)
  4 death yaks (Lair:1)
  A black mamba (Lair:1)
  4 cane toads (Lair:1)
  3 torpor snails (Lair:2)
  Maggie (D:6)
  2 rime drakes (Lair:1)
  3 polar bears
  6 blink frogs
  Eustachio (D:6)
  5 yaks (Lair:1)
  2 basilisks
  A steam dragon (D:8)
  Menkaure (D:6)
  Edmund (D:3)
  9 water moccasins
  2 orc warriors (D:7)
  A black bear (D:6)
  2 ice beasts
  An ogre (D:6)
  3 centaurs
  4 phantoms
  A kobold brigand (D:8)
  2 necrophages
  4 bullfrogs
  A gnoll sergeant (D:8)
  5 scorpions
  11 wights (D:7)
  5 howler monkeys
  A hound (D:4)
  3 jellies
  6 orc priests
  Jessica (D:2)
  4 iguanas
  4 orc wizards
  Robin (D:4)
  15 gnolls
  4 adders
  A shadow imp (D:8)
  A white imp (D:8)
  2 ufetubi
  3 worms
  The ghost of hawla the Firebug, a weakling MeFE (D:3)
  2 dart slugs
  24 orcs
  7 bats
  9 endoplasms
  6 giant cockroaches
  16 goblins
  14 hobgoblins
  4 jackals (D:2)
  A quokka (D:4)
  7 ball pythons
  7 frilled lizards
  17 kobolds
  9 rats
257 creatures vanquished.

Vanquished Creatures (others)
  9 fungi
  9 plants
18 creatures vanquished.

Grand Total: 275 creatures vanquished

Notes
Turn   | Place    | Note
-------+----------+-------------------------------------------
     0 | D:1      | wormed the Minotaur Fighter began the quest for the Orb.
     0 | D:1      | Reached XP level 1. HP: 19/19 MP: 0/0
   122 | D:1      | Reached XP level 2. HP: 27/27 MP: 1/1
   212 | D:1      | Reached skill level 3 in Maces & Flails
   361 | D:1      | Reached XP level 3. HP: 31/33 MP: 2/2
   666 | D:2      | Reached skill level 1 in Dodging
   880 | D:2      | Identified the +2 cloak of Zoinufro {rN+}
  1069 | D:2      | Reached XP level 4. HP: 40/40 MP: 3/3
  1258 | D:2      | Noticed Jessica
  1264 | D:2      | Killed Jessica
  1265 | D:2      | Reached skill level 4 in Maces & Flails
  1636 | D:3      | Found a burning altar of Makhleb.
  1678 | D:3      | Reached XP level 5. HP: 7/46 MP: 4/4
  2006 | D:3      | Found a radiant altar of Vehumet.
  2100 | D:3      | Found a runed translucent door.
  2100 | D:3      | Noticed hawla's ghost (weakling MeFE)
  2106 | D:3      | Killed hawla's ghost
  2520 | D:4      | Noticed Edmund
  2816 | D:3      | Killed Edmund
  2817 | D:3      | Reached skill level 5 in Maces & Flails
  2817 | D:3      | Reached XP level 6. HP: 18/53 MP: 5/5
  3150 | D:4      | Noticed an ice beast
  3185 | D:4      | Killed an ice beast
  3186 | D:4      | Reached skill level 5 in Armour
  3506 | D:4      | Noticed Robin
  3517 | D:4      | Killed Robin
  3537 | D:4      | Identified the +2 mace of Soeps {venom, Str+5}
  3813 | D:4      | Reached skill level 5 in Fighting
  3813 | D:4      | Reached skill level 5 in Shields
  3813 | D:4      | Reached XP level 7. HP: 61/61 MP: 6/6
  4219 | D:5      | Entered Level 5 of the Dungeon
  4269 | D:5      | Reached skill level 6 in Maces & Flails
  4984 | D:5      | Reached XP level 8. HP: 43/70 MP: 7/7
  5204 | D:5      | Reached skill level 7 in Maces & Flails
  5311 | D:5      | Found a basalt altar of Yredelemnul.
  5441 | D:5      | Identified the +0 robe of Untold Secrets {Regen+}
  5797 | D:6      | Reached skill level 8 in Maces & Flails
  5970 | D:6      | Noticed Eustachio
  5971 | D:6      | Noticed Menkaure
  5985 | D:6      | Killed Eustachio
  5988 | D:6      | Killed Menkaure
  6102 | D:6      | Noticed Maggie
  6111 | D:6      | Killed Maggie
  6112 | D:6      | Reached skill level 5 in Dodging
  6112 | D:6      | Reached XP level 9. HP: 44/78 MP: 8/8
  6171 | D:6      | Found a staircase to the Ecumenical Temple.
  6441 | D:6      | Reached skill level 9 in Maces & Flails
  7117 | Temple   | Entered the Ecumenical Temple
  8362 | D:7      | Reached skill level 10 in Maces & Flails
  9059 | D:7      | Reached XP level 10. HP: 76/88 MP: 9/9
  9537 | D:8      | Found a broken altar of Ashenzari.
  9795 | D:8      | Found an ancient bone altar of Kikubaaqudgha.
  9918 | D:8      | Found a staircase to the Lair.
 10052 | D:8      | Found an iron altar of Okawaru.
 10063 | D:8      | Became a worshipper of Warmaster Okawaru
 10298 | Lair:1   | Entered Level 1 of the Lair of Beasts
 10305 | Lair:1   | Noticed a black mamba
 10326 | Lair:1   | Killed a black mamba
 10327 | Lair:1   | Reached skill level 11 in Maces & Flails
 10504 | Lair:1   | Noticed a cane toad
 10526 | Lair:1   | Killed a cane toad
 10526 | Lair:1   | Reached * piety under Okawaru
 11134 | Lair:1   | Noticed a cane toad
 11143 | Lair:1   | Killed a cane toad
 11145 | Lair:1   | Reached ** piety under Okawaru
 11419 | Lair:1   | Noticed a death yak
 11420 | Lair:1   | Noticed a death yak
 11420 | Lair:1   | Noticed a death yak
 11422 | Lair:1   | Noticed a death yak
 11812 | Lair:1   | Noticed a cane toad
 11829 | Lair:1   | Killed a cane toad
 11830 | Lair:1   | Reached skill level 12 in Maces & Flails
 11933 | Lair:1   | Noticed a cane toad
 11944 | Lair:1   | Killed a cane toad
 11945 | Lair:1   | Reached XP level 11. HP: 79/97 MP: 10/10
 12270 | Lair:1   | Reached *** piety under Okawaru
 12459 | Lair:1   | Killed a death yak
 12471 | Lair:1   | Killed a death yak
 12507 | Lair:1   | Killed a death yak
 12507 | Lair:1   | Reached **** piety under Okawaru
 12927 | Lair:1   | Killed a death yak
 12927 | Lair:1   | Reached ***** piety under Okawaru
 12928 | Lair:1   | Reached skill level 10 in Fighting
 12928 | Lair:1   | Reached skill level 10 in Armour
 12928 | Lair:1   | Reached skill level 10 in Shields
 13386 | Lair:2   | Got the Omnibus of Transposition
 13525 | Lair:2   | Found a snail-covered altar of Cheibriados.
 13740 | Lair:2   | Noticed a five-headed hydra
 13757 | Lair:2   | Killed a five-headed hydra
 13806 | Lair:2   | Noticed Sonja
 13826 | Lair:2   | HP: 5/101 [poisoned by Sonja (curare-tipped dart)]
 13829 | Lair:2   | HP: 1/101 [poisoned by Sonja (curare-tipped dart)]
 13851 | Lair:2   | HP: 3/101 [blink frog (5)]
 13852 | Lair:2   | Mangled by a blink frog

Illustrated notes

Levels and vault maps discovered:
D:1:      spicycebolla_arrival_ecumenical, layout_rooms
D:2:      layout_basic, st_stairs_8, uniq_jessica
D:3:      layout_basic, vehumet_crystals, lightli_temple_of_fire,
          gammafunk_ghost_grave, kennysheep_minor_cross
D:4:      layout_basic, uniq_edmund, uniq_robin
D:5:      layout_loops_ring, kennysheep_little_box, kennysheep_generic_room_9
D:6:      layout_basic, temple_pool_b, uniq_maggie, uniq_eustachio,
          uniq_menkaure
D:7:      layout_layer_cave, st_stairs_6
D:8:      layout_basic, nicolae_ashenzari_skybound, overflow_temple_1_default,
          marbit_many_paths, lair_entry_dummy, kennysheep_generic_room_11
Temple:   corrupted_temple
Lair:1:   layout_regular_city, serial_bayou_shore_b
Lair:2:   layout_hall_layers, gammafunk_ghost_cemetery, kennysheep_snail_temple,
          uniq_urug, uniq_sonja

Skill      XL: |  1  2  3  4  5  6  7  8  9 10 11 |
---------------+----------------------------------+-----
Maces & Flails | 3 4 5 6 8 10 12 | 12.0
Armour         | 4 5 6 8 9 10 | 10.6
Fighting       | 4 5 6 7 9 10 | 10.6
Dodging        | 1 2 3 5 6 7 9 |  9.0
Shields        | 4 5 6 7 9 10 | 10.5

Action                   |  1- 3 |  4- 6 |  7- 9 | 10-12 || total
-------------------------+-------+-------+-------+-------++-------
Melee: Flail             |    91 |   155 |   231 |       ||   477
       Headbutt          |     8 |    27 |    46 |   108 ||   189
       Whip              |       |       |    89 |   423 ||   512
  Use: Potion            |       |     2 |     1 |     6 ||     9
       Scroll            |       |     1 |     9 |     3 ||    13
 Stab: Distracted        |       |       |     1 |       ||     1
Armor: Scale mail        |    21 |       |       |       ||    21
       Plate armour      |    50 |   113 |   146 |   159 ||   468
Dodge: Dodged            |    41 |    66 |   130 |    99 ||   336
Block: Buckler           |    24 |    35 |    73 |    59 ||   191
